 Dungeon Crawl Stone Soup version 0.30-a0-586-g23e55c9e0a (webtiles) character file.

Game seed: 5235257030220333

1769875 freelancePsychic the Lord of Darkness (level 27, 291/291 HPs)
             Began as a Demonspawn Monk on Jan 1, 2023.
             Was the Champion of Kikubaaqudgha.
             Escaped with the Orb
             ... and 3 runes on Jan 3, 2023!
             The game lasted 03:15:09 (64035 turns).

freelancePsychic the Lord of Darkness (DsMo)       Turns: 64035, Time: 03:15:09

Health: 291/291    AC: 13    Str: 19      XL:     27
Magic:  36/36      EV: 25    Int: 35 (38) God:    Kikubaaqudgha [******]
Gold:   7490       SH: 21    Dex: 14 (17) Spells: 7/54 levels left

rFire   + + .      SeeInvis .      - Unarmed
rCold   + . .      Faith    .    I - +2 kite shield {reflect}
rNeg    + . .      Spirit   +    b - +1 troll leather armour of the Arcane {rElec Regen+ Int+4 Dex-2}
rPois   +          Reflect  +    B - +1 hat of Sophism {rElec rPois Dex+2 Stlth+}
rElec   +          Harm     .    Z - +1 cloak of the World {rElec Int+4}
rCorr   .          Rampage  .    (gloves unavailable)
Will    ++...                    M - +2 pair of boots
Stlth   ++                       a - amulet of Foolhardiness {Reflect Int+2 SH+5}
HPRegen 1.48/turn                p - ring of the Devil's Advocate {+Blink rC+ EV+5 Str+3}
MPRegen 0.50/turn                k - ring of Keagiud {rPois rF++ rN+}

@: studying 2 skills
A: claws 3, powered by death 3, robust 3, magic shield, magic regeneration,
magic link, big brain 3, antennae 1, hooves 1, clever 1, deterioration 1, low MP
1, wild magic 1, no potion heal 1, MP-powered wands
0: Orb of Zot
}: 3/15 runes: barnacled, abyssal, gossamer
a: Renounce Religion, Evoke Blink, Unearth Wretches, Torment


You escaped.
You worshipped Kikubaaqudgha.
Kikubaaqudgha was exalted by your worship.
You visited 11 branches of the dungeon, and saw 50 of its levels.
You visited the Abyss 3 times.
You visited 1 bazaar.
You visited 1 ziggurat, and saw 9 of its levels.
You also visited: Bailey, Gauntlet, Ice Cave, Volcano and Wizlab.

You collected 8305 gold pieces.
You spent 815 gold pieces at shops.

Inventory:

Hand Weapons
 P - the +9 staff of Wucad Mu {*channel}
   (You found it on level 3 of a ziggurat)

   It occasionally powers its wielder's spells, but with a chance of causing
   confusion or draining the wielder's intelligence.
   It becomes more likely to activate and less likely to backfire with increased
   Evocations skill.
Missiles
 j - 11 silver boomerangs
 u - 2 curare-tipped darts
Armour
 b - the +1 troll leather armour of the Arcane (worn) {rElec Regen+ Int+4 Dex-2}
   (You bought it in a shop on level 2 of the Orcish Mines)

   Int:       It affects your intelligence (+4).
   Dex:       It affects your dexterity (-2).
   rElec:     It insulates you from electricity.
   Regen:     It increases your rate of health regeneration.
 B - the +1 hat of Sophism (worn) {rElec rPois Dex+2 Stlth+}
   (You acquired it on level 3 of the Realm of Zot)

   Dex:       It affects your dexterity (+2).
   rElec:     It insulates you from electricity.
   rPois:     It protects you from poison.
   Stlth:     It makes you more stealthy.
 I - a +2 kite shield of reflection (worn)
 L - a +3 troll leather armour {Snorg}
 M - a +2 pair of boots (worn)
 V - the +0 tower shield of the Worm {rElec rN+ Int+2}
   (You found it in a Gauntlet)

   Int:       It affects your intelligence (+2).
   rElec:     It insulates you from electricity.
   rN:        It protects you from negative energy.
 W - the +1 helmet "Paciegilymm" {rC++}
   (You found it on level 3 of the Elven Halls)

   rC:        It greatly protects you from cold.
 Z - the +1 cloak of the World (worn) {rElec Int+4}
   (You found it on level 7 of a ziggurat)

   Int:       It affects your intelligence (+4).
   rElec:     It insulates you from electricity.
Jewellery
 a - the amulet of Foolhardiness (around neck) {Reflect Int+2 SH+5}
   (You found it on level 3 of the Depths)

   [amulet of reflection]

   It reflects blocked missile attacks.
   Int:       It affects your intelligence (+2).
   SH:        It affects your SH (+5).
 k - the ring of Keagiud (right claw) {rPois rF++ rN+}
   (You found it on level 5 of the Lair of Beasts)

   [ring of positive energy]

   rF:        It greatly protects you from fire.
   rPois:     It protects you from poison.
   rN:        It protects you from negative energy.
 p - the ring of the Devil's Advocate (left claw) {+Blink rC+ EV+5 Str+3}
   (You found it in a wizard's laboratory)

   [ring of evasion]

   EV:        It affects your evasion (+5).
   Str:       It affects your strength (+3).
   rC:        It protects you from cold.
   +Blink:    It lets you blink.
 E - the ring "Hagyll Duudd" {rC+++ rN+ Int+4 Dex+3}
   (You took it off a deep elf high priest on level 3 of the Elven Halls)

   [ring of positive energy]

   Int:       It affects your intelligence (+4).
   Dex:       It affects your dexterity (+3).
   rC:        It renders you almost immune to cold.
   rN:        It protects you from negative energy.
 T - the ring "Pythol" {EV+5 Str+3 Stlth+}
   (You found it in a Gauntlet)

   [ring of evasion]

   EV:        It affects your evasion (+5).
   Str:       It affects your strength (+3).
   Stlth:     It makes you more stealthy.
Wands
 c - a wand of digging (6)
 q - a wand of flame (79)
 y - a wand of paralysis (20)
 z - a wand of light (5)
 J - a wand of roots (18)
 Q - a wand of mindburst (24)
Scrolls
 l - 8 scrolls of poison
 m - 3 scrolls of silence
 o - 10 scrolls of brand weapon
 r - 12 scrolls of amnesia
 v - 17 scrolls of teleportation {@r4}
 x - 12 scrolls of fog
 F - a scroll of torment
 N - 16 scrolls of immolation
 S - 11 scrolls of enchant weapon
 U - 7 scrolls of fear
 X - 3 scrolls of butterflies
 Y - 3 scrolls of magic mapping
Potions
 e - 9 potions of mutation
 f - 16 potions of curing {@q1}
 g - 4 potions of might
 h - 4 potions of resistance
 i - 10 potions of degeneration
 n - 8 potions of attraction
 s - a potion of heal wounds {@q2}
 t - 4 potions of cancellation
 w - 10 potions of brilliance
 A - 7 potions of lignification
 C - 5 potions of haste {@q3}
 D - 19 potions of magic
 G - 5 potions of invisibility
 H - a potion of berserk rage
 K - 5 potions of ambrosia
 O - 2 potions of flight
Miscellaneous
 R - a condenser vane


   Skills:
 - Level 20.0 Fighting
 - Level 5.0 Short Blades
 - Level 7.8 Armour
 * Level 19.4 Dodging
 - Level 8.4 Stealth
 - Level 16.0 Shields
 + Level 20.2 Unarmed Combat
 - Level 14.0 Spellcasting
 - Level 10.0 Hexes
 - Level 21.5 Necromancy
 - Level 14.2 Transmutations
 - Level 7.3 Ice Magic
 - Level 10.6 Earth Magic


You had 7 spell levels left.
You knew the following spells:

 Your Spells              Type           Power      Damage    Failure   Level
a - Infestation           Necr           61%        N/A       2%          8
b - Dispel Undead         Necr           100%       3d31      1%          4
c - Borgnjor's Vile Clut  Necr/Erth      54%        N/A       1%          5
d - Death Channel         Necr           61%        N/A       1%          6
e - Statue Form           Tmut/Erth      65%        N/A       2%          6
f - Yara's Violent Unrav  Hex/Tmut       48%        3d19      1%          5
g - Apportation           Tloc           62%        N/A       2%          1
h - Anguish               Hex/Necr       54%        N/A       1%          4
i - Necromutation         Tmut/Necr      57%        N/A       9%          8

Your spell library contained the following spells:

 Spells                   Type           Power      Damage    Failure   Level
 Beastly Appendage        Tmut           100%       N/A       1%          1
 Kiss of Death            Conj/Necr      100%       2d13      1%          1
 Necrotise                Necr           100%       1d9       1%          1
 Sandblast                Erth           100%       2d20      1%          1
 Slow                     Hex            100%       N/A       1%          1
 Sting                    Tmut/Pois      100%       1d8       1%          1
 Cigotuvi's Dreadful Rot  Necr/Pois/Air  100%       N/A       1%          2
 Ensorcelled Hibernation  Hex/Ice        100%       N/A       1%          2
 Passwall                 Tmut/Erth      81%        N/A       1%          2
 Sublimation of Blood     Necr           100%       N/A       1%          2
 Confusing Touch          Hex            89%        N/A       1%          3
 Frozen Ramparts          Ice            100%       1d16      1%          3
 Hailstorm                Conj/Ice       60%        3d13      1%          3
 Ignite Poison            Fire/Tmut/Pois 66%        N/A       1%          3
 Portal Projectile        Hex/Tloc       100%       N/A       1%          3
 Spider Form              Tmut/Pois      77%        N/A       1%          3
 Stone Arrow              Conj/Erth      100%       3d13      1%          3
 Summon Guardian Golem    Hex/Summ       67%        N/A       1%          3
 Tukima's Dance           Hex            89%        N/A       1%          3
 Vampiric Draining        Necr           100%       2d13      1%          3
 Animate Dead             Necr           100%       N/A       1%          4
 Ice Form                 Ice/Tmut       92%        N/A       1%          4
 Petrify                  Tmut/Erth      98%        N/A       1%          4
 Agony                    Necr           100%       N/A       1%          5
 Blade Hands              Tmut           52%        N/A       1%          5
 Lee's Rapid Deconstruct  Erth           46%        3d22*     1%          5
 Simulacrum               Ice/Necr       52%        N/A       1%          6
 Foxfire                  Conj/Fire      100%       2x1d9     2%          1
 Magic Dart               Conj           100%       1d8       2%          1
 Shock                    Conj/Air       100%       1d9       2%          1
 Summon Small Mammal      Summ           100%       N/A       2%          1
 Animate Armour           Summ/Erth      100%       N/A       2%          4
 Fulminant Prism          Conj/Hex       33%        3d15      2%          4
 Blink                    Tloc           62%        N/A       3%          2
 Call Imp                 Summ           31%        N/A       3%          2
 Momentum Strike          Conj/Tloc      62%        3d9       3%          2
 Poisonous Vapours        Pois/Air       62%        N/A       3%          2
 Searing Ray              Conj           62%        2d6       3%          2
 Static Discharge         Conj/Air       62%        2-5/arc   3%          2
 Alistair's Intoxication  Tmut/Pois      51%        N/A       3%          5
 Summon Ice Beast         Ice/Summ       60%        N/A       4%          4
 Call Canine Familiar     Summ           31%        N/A       6%          3
 Gell's Gravitas          Tloc           31%        N/A       6%          3
 Lesser Beckoning         Tloc           62%        N/A       6%          3
 Mephitic Cloud           Conj/Pois/Air  31%        N/A       6%          3
 Swiftness                Air            31%        N/A       6%          3
 Teleport Other           Tloc           31%        N/A       6%          3
 Vhi's Electric Charge    Tloc/Air       62%        N/A       6%          3
 Silence                  Hex/Air        33%        N/A       6%          5
 Airstrike                Air            15%        2d(3-19)  16%         4
 Flame Wave               Conj/Fire      31%        2d9       16%         4
 Iskenderun's Mystic Bla  Conj/Tloc      31%        2d8       16%         4
 Manifold Assault         Tloc           31%        N/A       16%         4
 Olgreb's Toxic Radiance  Pois           31%        N/A       16%         4
 Passage of Golubria      Tloc           31%        N/A       16%         4
 Summon Lightning Spire   Summ/Air       31%        N/A       16%         4
 Freezing Cloud           Conj/Ice/Air   26%        6-21      17%         5
 Haunt                    Necr/Summ      46%        N/A       17%         7
 Iron Shot                Conj/Erth      34%        9d7       26%         6
 Arcjolt                  Conj/Air       15%        1d25      38%         5
 Fireball                 Conj/Fire      15%        3d8       38%         5
 Iskenderun's Battlesphe  Conj           31%        2d8       38%         5
 Lightning Bolt           Conj/Air       15%        1d29      38%         5
 Conjure Ball Lightning   Conj/Air       15%        3x3d6     89%         6
 Dispersal                Tloc           15%        N/A       89%         6
 Starburst                Conj/Fire      15%        6d6       89%         6
 Summon Cactus Giant      Summ           15%        N/A       89%         6
 Malign Gateway           Summ/Tloc      15%        N/A       100%        7
 Monstrous Menagerie      Summ           15%        N/A       100%        7
 Orb of Destruction       Conj           15%        9d7       100%        7
 Borgnjor's Revivificati  Necr           61%        N/A       2%          8
 Death's Door             Necr           61%        N/A       24%         9
 Disjunction              Tloc           15%        N/A       100%        8
 Lehudib's Crystal Spear  Conj/Erth      34%        10d9      100%        8
 Maxwell's Capacitive Co  Air            15%        ∞         100%        8
 Summon Horrible Things   Summ           15%        N/A       100%        8
 Polar Vortex             Ice            39%        N/A       100%        9
 Shatter                  Erth           46%        3d35*     100%        9


Dungeon Overview and Level Annotations

Branches:
Dungeon (15/15)            Temple (0/1) D:6            Lair (5/5) D:11
 Shoals (4/4) Lair:2       Spider (4/4) Lair:3        Slime (0/5) Lair:5
    Orc (2/2) D:11            Elf (3/3) Orc:2        Vaults (4/5) D:14
  Crypt (3/3) Vaults:2       Tomb (1/3) Crypt:3      Depths (4/4) D:15
    Zot (5/5) Depths:4     Bailey (visited)           IceCv (visited)
Volcano (visited)          WizLab (visited)         Gauntlet (visited)

Altars:
Ashenzari
Dithmenos
Fedhas
Gozag
Kikubaaqudgha
Makhleb
Nemelex Xobeh
Okawaru
Qazlal
Sif Muna
Trog
Uskayaw
Wu Jian
Xom
Yredelemnul
Jiyva
Lugonu

Shops:
D:4 (   Orc:1 :   Orc:2 [::?(   Elf:1 [   Elf:3 ?   Vaults:3 *

Portals:
Hell: Depths:1 Depths:2 Depths:3 Depths:4
Abyss: Shoals:2 Depths:3
Pandemonium: Depths:2 Depths:4

Annotations:
D:3 exclusion: water moccasin, Ijyb, Sigmund
D:10 Gastronok
D:12 exclusion: downstairs
Crypt:1 1 runed translucent door, Luix's ghost, veteran MiGl
Depths:4 5 runed translucent doors
Zot:1 3 runed translucent doors, gdog's ghost, master GnDe
Zot:3 exclusion: orb of fire
Zot:4 exclusions: death cob, orb of fire and storm dragon


Innate Abilities, Weirdness & Mutations

You have claws for hands.
You regenerate a lot of health from kills.
You are extremely robust. (+30% HP)
When hurt, damage is shared between your health and your magic reserves.
You regenerate magic rapidly.
When low on magic, you restore magic in place of health.
You have an absolutely massive brain. (Int +6, Wiz)
You have a pair of small antennae on your head.
You have large cloven feet.
Your mind is acute. (Int +4, Str/Dex -1)
Your body sometimes deteriorates upon taking damage.
Your magical capacity is low. (-10% MP)
Your spells are a little harder to cast, but a little more powerful.
Potions are less effective at restoring your health.
You expend magic power (3 MP) to strengthen your wands.


Message History

The efreet gestures at you.
The fireball explodes!
The fireball engulfs you but does no damage.
You revert to your normal fleshy form.
Your +2 pair of boots unmelds from your body.
The +1 troll leather armour of the Arcane {rElec Regen+ Int+4 Dex-2} unmelds from your body.
The efreet gestures at you. The bolt of fire hits you! You resist.
There is a stone staircase leading up here.
The efreet gestures at you. The bolt of fire misses you.
You climb upwards.
There is a stone staircase leading down here.
(D) Dungeon (T) Temple (L) Lair (A) Shoals (N) Spider Nest (M) Slime Pits (O) Orcish Mines (E) Elven Halls (V) Vaults (C) Crypt (W) Tomb (U) Depths (H) Hell (Z) Zot
Where to? (Enter - D:1 @ (x,y), ? - help)
There is a stone staircase leading up here.
You climb upwards.
There is a stone staircase leading down here.
There is an open door here.
There is a stone staircase leading up here.
You climb upwards.
HP restored.
There is a stone staircase leading down here.
There is a stone staircase leading up here.
You climb upwards.
Level annotation: exclusion: water moccasin, Ijyb, Sigmund
There is a stone staircase leading down here.
There is a stone staircase leading up here.
You climb upwards.
There is a stone staircase leading down here.
There is an open door here.
There is a stone staircase leading up here.
You climb upwards.
There is a stone staircase leading down here.
There is an open door here.
There is a staircase leading out of the dungeon here.
Unknown command.
You have escaped!

.# .# .# .# .# .### ...# ##.###
#############
.....######.....@.....######
######.....................#####
##...........###'###...........##
......##'###'##...##'###'##..)...
...#'##...#...#.>.#...#...##'#...
.###..#...#...#...#...#...#..###.
'##...#...##.###'###.##...#...##'
..#...#...##'#.....#'##...#...#..
..#...#...##.P.P..P..##...#...#..


There were no monsters in sight!

Vanquished Creatures
  2 dread liches (Zot:5)
  An ancient lich (Abyss:3)
  14 orbs of fire
  3 juggernauts
  2 royal mummies (Tomb:1)
  Josephina (Crypt:1)
  Boris (Depths:3)
  Saint Roka (Vaults:4)
  Margery (Vaults:4)
  3 caustic shrikes
  5 Killer Klowns
  5 curse toes
  8 golden dragons
  4 bone dragons
  A Brimstone Fiend (D:7)
  A Tzitzimitl (Zot:5)
  Cloud Mage (WizLab)
  4 electric golems
  A Hell Sentinel (D:7)
  13 tentacled monstrosities
  A titan (Depths:3)
  A pandemonium lord (D:8)
  18 Orb Guardians
  7 liches
  An Ice Fiend (D:8)
  Zenata (Crypt:3)
  4 quicksilver dragons
  A shard shrike skeleton (Crypt:3)
  8 ancient champions
  A deep elf master archer (Elf:3)
  Frances (Shoals:1)
  3 deep elf blademasters (Elf:3)
  3 tentacled starspawn (Abyss:3)
  2 Executioners
  A kraken (Shoals:1)
  9 sphinxes
  3 tengu reavers
  8 death cobs
  10 storm dragons
  6 shadow dragons
  3 draconian monks
  3 revenants
  2 draconian knights
  An azure jelly (Zig:6)
  A nagaraja (Zig:4)
  Roxanne (D:14)
  10 deep elf sorcerers
  4 draconian scorchers
  2 iron dragons
  5 frost giants
  6 fire giants
  4 emperor scorpions
  Louise (Elf:1)
  7 deep elf elementalists
  10 vault wardens
  8 ghouls
  2 curse skulls
  10 ghost moths
  2 orc warlords
  A cacodemon (Depths:4)
  4 draconian shifters
  A reaper (Abyss:3)
  A war gargoyle (Vaults:2)
  6 draconian annihilators
  17 stone giants
  5 broodmothers
  A quicksilver ooze (shapeshifter) (Depths:3)
  2 draconian stormcallers
  20 very ugly things
  5 spriggan defenders
  Nessos (Lair:5)
  14 ironbound preservers
  4 caustic shrike skeletons (Crypt:3)
  3 ironbound thunderhulks
  4 vampire knights
  6 deep elf demonologists (Elf:3)
  15 green draconians
  7 deep elf annihilators
  An ophan (Abyss:3)
  7 red draconians
  7 white draconians
  8 spark wasps
  10 yellow draconians
  7 black draconians
  15 dire elephants
  7 eidola
  7 purple draconians
  The ghost of cforsyth the Spry, a journeyman DrCj of Vehumet (Lair:5)
  8 deep elf high priests
  6 ettins
  Snorg (D:11)
  8 deep elf death magi
  5 merfolk javelineers
  2 blizzard demons (WizLab)
  8 yaktaur captains
  10 mummy priests (Tomb:1)
  12 jiangshi
  8 entropy weavers
  6 merfolk impalers
  13 fire dragons
  A spriggan zombie (Crypt:1)
  8 great orbs of eyes
  7 ice dragons
  A rakshasa (Depths:2)
  5 hydras
  5 vault guards
  2 peacekeepers
  A quicksilver dragon skeleton (Crypt:3)
  A catoblepas (Gauntlet)
  2 ogre magi
  8 spriggan air magi
  3 radroaches
  3 merfolk aquamancers
  4 spriggan skeletons
  3 death knights
  An anaconda (Zig:3)
  6 boulder beetles
  Erica (D:11)
  3 alligator snapping turtles
  12 centaur warriors
  A death yak (Lair:5)
  7 ironbound frosthearts
  5 vampire magi
  A boulder beetle (shapeshifter) (Elf:1)
  A naga warrior (Abyss:3)
  4 death scarabs (Tomb:1)
  2 thrashing horrors (Abyss:3)
  11 two-headed ogres
  4 ghost crabs (WizLab)
  3 tengu warriors
  2 satyrs
  A titan zombie (Crypt:2)
  5 orc high priests
  25 dancing weapons
  A deep troll shaman (Depths:4)
  7 deep troll earth magi
  4 spriggan berserkers
  4 shock serpents
  A soul eater (Depths:4)
  A sun demon (Depths:4)
  12 deep elf knights
  2 hell knights (Vaults:4)
  4 titan skeletons (Crypt:3)
  4 wretched stars
  A sixfirhy (Abyss:3)
  3 pharaoh ants
  4 shadow wraiths
  3 iron trolls
  A bunyip zombie (Crypt:1)
  A spectral death yak (Lair:5)
  38 skeletal warriors
  A spectral anaconda (Lair:5)
  6 death drakes (WizLab)
  A naga ritualist (Zig:3)
  27 deep trolls
  A sun moth (Spider:3)
  An iron giant zombie (Crypt:2)
  4 glowing orange brains
  4 orb spiders (Spider:4)
  4 deep elf archers
  A storm dragon skeleton (Crypt:3)
  An orange crystal statue (Zig:5)
  8 harpies
  6 sea snakes
  7 lindwurms
  3 wizards
  2 spriggan simulacra
  18 ironbound convokers
  A swamp dragon (Abyss:3)
  2 bog bodies (Crypt:2)
  7 starcursed masses (Abyss:3)
  An anaconda skeleton (Crypt:3)
  20 deep elf zephyrmancers
  3 obsidian statues
  4 flayed ghosts
  7 necromancers
  An orc knight (Orc:2)
  8 steelbarb worms
  32 deep elf pyromancers
  A mana viper (Zig:4)
  11 wolf spiders
  11 phantasmal warriors
  4 orc sorcerers
  18 ugly things
  A will-o-the-wisp (Abyss:3)
  7 fauns
  13 large abominations (Abyss:3)
  A goliath frog skeleton (Crypt:3)
  9 manticores
  24 moths of wrath
  8 elephants
  3 worldbinders (Abyss:3)
  A draconian skeleton (Crypt:1)
  2 iron dragon skeletons (Crypt:3)
  5 cyclopes
  A jorogumo skeleton (Crypt:1)
  2 rust devils
  4 black mambas
  A naga mage (Abyss:3)
  2 merfolk sirens
  9 cane toads
  6 water nymphs
  2 ice statues (Zig:5)
  9 vault sentinels
  A naga skeleton (Crypt:3)
  A guardian serpent (Abyss:3)
  2 gargoyles (Gauntlet)
  3 torpor snails
  15 apocalypse crabs
  An elephant slug zombie (Crypt:3)
  5 smoke demons (Abyss:3)
  An eye of devastation (shapeshifter) (Depths:4)
  2 orange demons
  2 dire elephant skeletons
  14 demonic crawlers
  2 kobold demonologists (D:11)
  A hellion (Depths:4)
  A rime drake (shapeshifter) (Elf:1)
  2 rime drakes
  5 komodo dragons
  An unseen horror (D:12)
  A minotaur zombie (Crypt:2)
  A pale draconian skeleton (Crypt:1)
  A red draconian zombie (Crypt:1)
  A freezing wraith (Crypt:1)
  8 yaktaurs
  A white draconian skeleton (Crypt:2)
  4 tengu conjurers
  13 meliai
  5 ancient zymes
  7 guardian mummies (Tomb:1)
  A red devil (Zot:1)
  A sea snake skeleton (Crypt:2)
  6 trolls
  17 merfolk
  3 hellwings
  A wolf spider simulacrum (D:15)
  2 harpy skeletons (Crypt:3)
  5 raiju (Abyss:3)
  12 snapping turtles
  A tarantella (shapeshifter) (Depths:3)
  4 blink frogs (Lair:3)
  9 wind drakes
  9 tarantellas
  A fire dragon zombie (Crypt:1)
  A guardian serpent zombie (Crypt:1)
  A great orb of eyes zombie (Crypt:2)
  3 dream sheep
  A spectral elephant (Lair:5)
  2 ettin skeletons (Crypt:3)
  12 flying skulls
  14 culicivoras
  8 air elementals
  An ushabti (Tomb:1)
  21 water elementals
  2 ynoxinuls (Abyss:3)
  20 slime creatures
  A satyr skeleton (Crypt:1)
  2 shadows
  8 yaks
  5 vampires
  10 jumping spiders
  A naga simulacrum (Crypt:1)
  A fire bat (Volcano)
  2 dire elephant simulacra (IceCv)
  A black mamba skeleton (Tomb:1)
  3 wyverns
  2 golden eyes (Abyss:3)
  A steam dragon (D:9)
  7 wraiths
  6 basilisks
  3 fire elementals
  A death yak simulacrum (Lair:5)
  3 neqoxecs
  27 redbacks
  7 vampire mosquitoes
  A chaos spawn (Depths:4)
  3 wargs
  2 harpy simulacra (IceCv)
  A naga (Abyss:3)
  4 acid dragons
  A demonspawn skeleton (Crypt:3)
  12 water moccasins
  A hell hound (Volcano)
  2 black bears
  A two-headed ogre skeleton (Crypt:3)
  An elephant zombie (Lair:5)
  22 orc warriors
  3 ice beasts
  A snapping turtle zombie (Shoals:2)
  A sky beast (shapeshifter) (D:14)
  3 sky beasts
  A cane toad skeleton (Crypt:3)
  9 ogres
  5 wolves
  9 boggarts
  2 elephant skeletons (Lair:5)
  A manticore skeleton (Crypt:2)
  3 centaurs (Volcano)
  2 small abominations (Abyss:3)
  A phantom (D:6)
  A draconian zombie (Crypt:1)
  2 earth elementals
  2 gnoll sergeants
  7 bullfrogs
  3 necrophages
  A cane toad simulacrum (Lair:5)
  5 scorpions
  27 wights
  A raiju zombie (Crypt:2)
  A water moccasin skeleton (Crypt:1)
  2 lindwurm simulacra (IceCv)
  2 killer bees (D:9)
  A polar bear zombie (Crypt:1)
  4 howler monkeys
  A wolf zombie (Crypt:3)
  2 elephant simulacra (Lair:5)
  A crimson imp (Abyss:3)
  A centaur zombie (D:6)
  2 quasits (Abyss:3)
  3 bullfrog zombies (D:6)
  An iron imp (Abyss:3)
  A gnoll bouda (D:6)
  4 hounds
  A jelly (D:6)
  A centaur skeleton (D:6)
  31 orc priests
  2 bullfrog skeletons (D:6)
  6 iguanas
  2 boggart zombies
  4 hell rats (Lair:4)
  23 orc wizards
  A boggart skeleton (Crypt:3)
  A killer bee zombie (D:6)
  A tengu zombie (Crypt:2)
  9 mummies (Tomb:1)
  A howler monkey zombie (D:6)
  14 gnolls
  8 adders
  3 white imps
  3 ufetubi
  2 worms (D:2)
  5 dart slugs
  52 orcs
  8 endoplasms
  4 giant cockroaches
  13 goblins
  10 hobgoblins
  19 kobolds
  4 quokkas
  13 ball pythons
  7 bats
  4 frilled lizards
  A jackal skeleton (Crypt:1)
  4 rats
  8 tentacles
1875 creatures vanquished.

Vanquished Creatures (collateral kills)
  A dread lich (Zot:5)
  An orb of fire (Zot:5)
  Sojobo (Depths:4)
  A Killer Klown (Zot:5)
  A caustic shrike (Zig:8)
  A golden dragon (Zot:2)
  A hellephant (Zig:8)
  A tentacled monstrosity (Zot:3)
  A pandemonium lord (Zot:1)
  A lich (Depths:2)
  9 Orb Guardians (Zot:5)
  A quicksilver dragon (Zot:5)
  2 death cobs (Zot:3)
  A walking divine tome (Depths:3)
  A tentacled starspawn (Abyss:3)
  An acid blob (Zig:6)
  2 draconian monks
  2 tengu reavers (Depths:3)
  7 sphinxes
  2 shadow dragons
  Donald (Shoals:4)
  3 storm dragons (Zot:1)
  An azure jelly (Zig:6)
  2 fire giants
  A nagaraja (Zig:3)
  2 frost giants
  3 draconian scorchers (Zot:1)
  A ghost moth (Spider:1)
  2 draconian shifters
  An emperor scorpion (Spider:4)
  A cacodemon (Abyss:3)
  A spriggan defender (Depths:3)
  2 deep elf elementalists
  A draconian annihilator (Zot:1)
  3 draconian stormcallers
  5 very ugly things
  5 stone giants
  4 ironbound thunderhulks
  An ironbound preserver (Vaults:1)
  A vampire knight (Depths:3)
  3 green draconians
  3 black draconians
  3 white draconians
  3 spark wasps
  A deep elf annihilator (Elf:3)
  2 yellow draconians (Zot:2)
  A minotaur (Gauntlet)
  6 red draconians
  2 purple draconians
  3 dire elephants
  3 fire dragons
  An eidolon (Zig:5)
  3 merfolk javelineers
  2 ettins
  3 jiangshi
  2 mummy priests (Tomb:1)
  2 vault guards
  2 entropy weavers
  2 yaktaur captains
  4 ice dragons
  Erolcha (Orc:1)
  3 hydras
  2 jorogumos (Spider:4)
  A merfolk avatar (Shoals:1)
  3 ironbound frosthearts
  3 spriggan air magi
  2 centaur warriors
  A merfolk aquamancer (Shoals:1)
  A satyr (Abyss:3)
  5 rakshasas
  2 boulder beetles
  2 radroaches
  A two-headed ogre (D:15)
  4 tengu warriors
  2 deep troll earth magi (Depths:2)
  2 death scarabs (Tomb:1)
  4 vampire magi
  A death yak (Lair:5)
  A naga sharpshooter (Zig:4)
  A naga warrior (Zig:4)
  2 deep elf knights
  2 soul eaters
  A hell knight (Vaults:4)
  A wretched star (Shoals:2)
  A salamander mystic (Depths:3)
  A spectral death yak (Lair:5)
  2 sun moths (Spider:4)
  2 skeletal warriors (Tomb:1)
  A flayed ghost (Depths:2)
  A shadow demon (Abyss:3)
  2 pharaoh ants (Spider:4)
  14 deep trolls
  2 orb spiders (Spider:3)
  A spriggan rider (Depths:1)
  A glowing orange brain (Vaults:1)
  A necromancer (Vaults:4)
  A deep elf pyromancer (D:15)
  A wizard (Depths:1)
  2 lindwurms (Vaults:1)
  An obsidian statue (Zig:5)
  A harpy (Shoals:1)
  3 steelbarb worms
  4 ironbound convokers
  An orc knight (Orc:2)
  3 salamanders
  A deep elf zephyrmancer (Elf:2)
  2 manticores
  A shining eye (Zig:2)
  6 wolf spiders
  11 ugly things
  5 fauns
  An eye of devastation (Zig:2)
  2 merfolk sirens (Shoals:2)
  10 moths of wrath
  2 elephants (Lair:3)
  3 vault sentinels
  A naga mage (Zig:4)
  2 apocalypse crabs
  2 black mambas
  2 torpor snails
  4 cane toads
  A smoke demon (Abyss:3)
  A centaur skeleton (Tomb:1)
  7 guardian mummies (Tomb:1)
  3 tengu conjurers
  2 rime drakes
  A komodo dragon (Lair:5)
  2 red devils (Depths:4)
  2 trolls
  5 yaktaurs
  3 merfolk (Shoals:4)
  2 meliai (Spider:4)
  A hellwing (Abyss:3)
  2 hornets (Depths:2)
  A hornet (shapeshifter) (Depths:2)
  A polar bear (Lair:3)
  3 wind drakes
  6 tarantellas
  11 slime creatures
  7 blink frogs
  10 dream sheep
  A snapping turtle (Shoals:1)
  8 jumping spiders
  10 flying skulls (Tomb:1)
  2 air elementals (WizLab)
  6 culicivoras
  2 wyverns
  2 spriggans (Depths:2)
  An ushabti (Tomb:1)
  6 water elementals
  2 vampires (Abyss:3)
  A basilisk (Lair:2)
  9 yaks
  A fire bat (Volcano)
  A wraith (Abyss:3)
  A steam dragon (D:9)
  3 chaos spawn
  12 redbacks
  2 wargs (Orc:1)
  An acid dragon (D:13)
  A spatial vortex (Shoals:2)
  2 nagas (Abyss:3)
  5 water moccasins
  A hydra simulacrum (IceCv)
  A floating eye (Depths:3)
  3 orc warriors
  13 wolves
  2 elephant skeletons (Lair:5)
  A boggart (Vaults:3)
  An ogre (Orc:1)
  A kobold brigand (D:9)
  An earth elemental (Elf:2)
  A small abomination (Abyss:3)
  2 killer bees (D:9)
  A lindwurm simulacrum (IceCv)
  12 orc priests
  5 orc wizards
  5 hell rats
  8 mummies (Tomb:1)
  11 orcs
  A kobold (D:11)
499 creatures vanquished.

Vanquished Creatures (others)
  A dread lich (Zot:5)
  A shadow dragon (Zot:2)
  A storm dragon (Zot:2)
  A draconian knight (Zot:2)
  2 vault wardens (Vaults:4)
  2 draconian scorchers
  A draconian shifter (Zot:2)
  An ironbound preserver (Vaults:4)
  A draconian annihilator (Zot:1)
  A very ugly thing (Depths:1)
  A stone giant (Depths:4)
  A black draconian (Zot:2)
  A vampire knight (Depths:4)
  3 red draconians
  A green draconian (Zot:1)
  A white draconian (Zot:1)
  A fire dragon (Depths:2)
  An ettin (Vaults:4)
  A merfolk impaler (Shoals:4)
  A great orb of eyes (Vaults:1)
  2 yaktaur captains
  2 entropy weavers
  An ice dragon (Depths:4)
  2 vault guards (Vaults:4)
  An ironbound frostheart (Vaults:1)
  A radroach (Spider:4)
  2 centaur warriors
  2 boulder beetles
  An anaconda (Gauntlet)
  A merfolk aquamancer (Shoals:2)
  A tengu warrior (Gauntlet)
  An orc high priest (Orc:1)
  5 deep elf knights
  An iron troll (Depths:3)
  2 sea snakes
  A deep troll (Vaults:3)
  A harpy (Shoals:4)
  A wizard (Vaults:2)
  2 deep elf archers
  A wolf spider (Spider:1)
  3 ironbound convokers
  5 deep elf zephyrmancers
  3 deep elf pyromancers (Elf:3)
  3 orc sorcerers
  3 cyclopes
  3 manticores
  An elephant (Lair:3)
  A merfolk siren (Shoals:2)
  3 vault sentinels
  A black mamba (Lair:2)
  A torpor snail (Spider:1)
  2 yaktaurs
  A merfolk (Shoals:2)
  A polar bear (Lair:1)
  A troll (Orc:2)
  A wind drake (Shoals:2)
  2 blink frogs
  A dream sheep (Lair:1)
  A dire elephant simulacrum (Crypt:1)
  3 culicivoras
  An air elemental (WizLab)
  A basilisk (Zig:8)
  2 yaks
  An alligator snapping turtle simulacrum (Crypt:1)
  3 redbacks
  An acid dragon (D:14)
  A warg (Orc:2)
  2 water moccasins
  5 orc warriors
  An ice beast (IceCv)
  A human (D:4)
  A black mamba simulacrum (Crypt:1)
  2 orc priests
  3 orc wizards
  A gnoll (D:15)
  2 orcs
  A ball python (D:14)
  A jackal (D:14)
  6 foxfires (Abyss:3)
  12 fungi
  2 lurking horrors (Abyss:3)
  29 plants
  5 starspawn tentacles (Abyss:3)
  19 tentacles
  23 withered plants
221 creatures vanquished.

Grand Total: 2595 creatures vanquished

Notes
Turn   | Place    | Note
-------+----------+-------------------------------------------
     0 | D:1      | freelancePsychic the Demonspawn Monk began the quest for
                  | the Orb.
     0 | D:1      | Reached XP level 1. HP: 18/18 MP: 1/1
   203 | D:1      | Gained mutation: You have sharp fingernails. [demonic
                  | ancestry]
   203 | D:1      | Reached XP level 2. HP: 19/24 MP: 2/2
   657 | D:1      | Gained mutation: You regenerate a little health from kills.
                  | [demonic ancestry]
   657 | D:1      | Reached XP level 3. HP: 27/29 MP: 3/3
  1129 | D:2      | Got the Handbook of Anemomancy and Grit
  1514 | D:2      | Gained mutation: You regenerate magic rapidly. [demonic
                  | ancestry]
  1514 | D:2      | Reached XP level 4. HP: 27/35 MP: 4/4
  1786 | D:3      | Noticed a water moccasin
  2114 | D:3      | Noticed Ijyb
  2433 | D:4      | Found a burning altar of Makhleb.
  2504 | D:4      | Noticed a scorpion
  2509 | D:4      | Killed a scorpion
  2510 | D:4      | Gained mutation: You have an unusually large brain. (Int
                  | +2) [demonic ancestry]
  2510 | D:4      | Reached XP level 5. HP: 39/42 MP: 5/5
  2605 | D:4      | HP: 1/42 [orc priest/divine providence (8)]
  2843 | D:4      | Found Witi's Weapon Boutique.
  2881 | D:4      | Found an ancient bone altar of Kikubaaqudgha.
  2883 | D:4      | Noticed a human
  2884 | D:4      | Killed a human
  2891 | D:4      | Became a worshipper of Kikubaaqudgha
  2891 | D:4      | Reached * piety under Kikubaaqudgha
  2891 | D:4      | Received a gift from Kikubaaqudgha
  2891 | D:4      | Reached ** piety under Kikubaaqudgha
  2935 | D:4      | Gained mutation: You have an extremely huge brain. (Int +4)
                  | [demonic ancestry]
  2935 | D:4      | Reached XP level 6. HP: 46/48 MP: 6/6
  3077 | D:4      | Found a basalt altar of Yredelemnul.
  3077 | D:4      | Found a hide-covered altar of Uskayaw.
  3560 | D:3      | Killed a water moccasin
  3561 | D:3      | Reached skill level 5 in Fighting
  3561 | D:3      | Reached skill level 5 in Short Blades
  3684 | D:3      | Gained mutation: You regenerate health from kills. [demonic
                  | ancestry]
  3684 | D:3      | Reached XP level 7. HP: 52/56 MP: 7/7
  3733 | D:3      | Reached skill level 1 in Necromancy
  3733 | D:3      | Reached skill level 1 in Earth Magic
  3935 | D:3      | Noticed Sigmund
  3987 | D:5      | Entered Level 5 of the Dungeon
  4149 | D:5      | Reached skill level 1 in Spellcasting
  4149 | D:5      | Reached skill level 2 in Necromancy
  4439 | D:5      | Reached skill level 3 in Necromancy
  4535 | D:4      | Learned a level 3 spell: Vampiric Draining
  4561 | D:5      | Gained mutation: You have very sharp fingernails. [demonic
                  | ancestry]
  4561 | D:5      | Reached XP level 8. HP: 55/63 MP: 10/10
  4921 | D:5      | Reached *** piety under Kikubaaqudgha
  4921 | D:5      | Received a gift from Kikubaaqudgha
  4927 | D:5      | Learned a level 4 spell: Dispel Undead
  5098 | D:6      | Reached skill level 4 in Necromancy
  5525 | D:6      | Reached skill level 5 in Necromancy
  5698 | D:6      | Found a staircase to the Ecumenical Temple.
  5855 | D:6      | Found a shimmering blue altar of Sif Muna.
  5965 | D:6      | Reached skill level 6 in Necromancy
  6100 | D:6      | Reached XP level 9. HP: 69/71 MP: 13/13
  6604 | D:7      | Found an ornate altar of the Wu Jian Council.
  6616 | D:7      | Reached skill level 7 in Necromancy
  6673 | D:7      | Found a shimmering altar of Xom.
  6724 | D:7      | Learned a level 5 spell: Borgnjor's Vile Clutch
  7054 | D:8      | Found a flagged portal.
  7073 | Bailey   | Entered a bailey
  7078 | Bailey   | Noticed an orc warlord
  7107 | Bailey   | Reached **** piety under Kikubaaqudgha
  7186 | Bailey   | Reached skill level 5 in Earth Magic
  7267 | Bailey   | Found a runed translucent gate.
  7270 | Bailey   | Found a runed translucent gate.
  7272 | Bailey   | Found a runed translucent gate.
  7294 | Bailey   | Reached skill level 8 in Necromancy
  7908 | Bailey   | Killed an orc warlord
  7909 | Bailey   | Reached skill level 9 in Necromancy
  7909 | Bailey   | Gained mutation: You have an absolutely massive brain. (Int
                  | +6, Wiz) [demonic ancestry]
  7909 | Bailey   | Reached XP level 10. HP: 53/80 MP: 14/14
  7957 | Bailey   | Reached skill level 5 in Spellcasting
  7957 | Bailey   | Reached skill level 11 in Necromancy
  7957 | Bailey   | Gained mutation: You are robust. (+10% HP) [demonic
                  | ancestry]
  7957 | Bailey   | Reached XP level 11. HP: 83/97 MP: 14/18
  7965 | Bailey   | Learned a level 6 spell: Death Channel
  8208 | D:8      | Found an iron altar of Okawaru.
  8439 | D:8      | Reached skill level 1 in Ice Magic
  8572 | D:8      | Found a stormy altar of Qazlal.
  8749 | D:9      | Found a shadowy altar of Dithmenos.
  8906 | D:9      | Noticed a two-headed ogre
  8917 | D:9      | Reached ***** piety under Kikubaaqudgha
  8921 | D:9      | Killed a two-headed ogre
  9087 | D:9      | Noticed a deep elf pyromancer
  9095 | D:9      | Killed a deep elf pyromancer
  9343 | D:9      | Found a blossoming altar of Fedhas.
  9717 | D:10     | Entered Level 10 of the Dungeon
  9718 | D:10     | Found a bloodstained altar of Trog.
  9985 | D:10     | Noticed Gastronok
 10162 | D:10     | Noticed a two-headed ogre
 10173 | D:10     | Killed a two-headed ogre
 10374 | D:10     | Reached skill level 12 in Necromancy
 10877 | D:11     | Found a staircase to the Orcish Mines.
 11016 | D:11     | Noticed Snorg
 11029 | D:11     | Killed Snorg
 11030 | D:11     | Reached skill level 5 in Ice Magic
 11061 | D:11     | Learned a level 6 spell: Simulacrum
 11348 | D:11     | Noticed a boulder beetle
 11457 | D:11     | Noticed Erica
 11468 | D:11     | Killed Erica
 11469 | D:11     | Reached skill level 10 in Fighting
 11469 | D:11     | Gained mutation: You have claws for hands. [demonic
                  | ancestry]
 11469 | D:11     | Reached XP level 12. HP: 106/106 MP: 17/21
 11713 | D:11     | Reached skill level 1 in Armour
 11812 | D:11     | Found a staircase to the Lair.
 12052 | Lair:1   | Entered Level 1 of the Lair of Beasts
 12164 | Lair:1   | Found a dark tunnel.
 12196 | Volcano  | Entered a volcano
 12389 | Volcano  | Noticed a two-headed ogre
 12389 | Volcano  | Noticed a two-headed ogre
 12405 | Volcano  | Killed a two-headed ogre
 12425 | Volcano  | Killed a two-headed ogre
 12499 | Volcano  | Identified the +2 pair of gloves of Bestrem {Int+3}
 13262 | Lair:2   | Reached skill level 13 in Necromancy
 13370 | Lair:2   | Identified the +3 war axe of Obofuewa {spect, rC++ Str+3
                  | Int+4 SInv}
 13947 | Lair:2   | Found a staircase to the Shoals.
 14604 | Lair:3   | Noticed a four-headed hydra
 14617 | Lair:3   | Killed a four-headed hydra
 14683 | Lair:3   | Gained mutation: You are very robust. (+20% HP) [demonic
                  | ancestry]
 14683 | Lair:3   | Reached XP level 13. HP: 106/123 MP: 20/25
 14972 | Lair:3   | Reached skill level 5 in Armour
 15209 | Lair:3   | Found a hole to the Spider Nest.
 16017 | Lair:4   | Reached skill level 5 in Dodging
 16351 | Lair:5   | Entered Level 5 of the Lair of Beasts
 16367 | Lair:5   | Noticed cforsyth's ghost (journeyman DrCj)
 16367 | Lair:5   | Found a runed translucent door.
 16460 | Lair:5   | Found a gate leading to a gauntlet.
 16480 | Gauntlet | Entered a Gauntlet
 16480 | Gauntlet | Found a transporter.
 16480 | Gauntlet | Found a transporter.
 16514 | Gauntlet | Found a transporter.
 16531 | Gauntlet | Found a transporter.
 16532 | Gauntlet | Found a transporter.
 16532 | Gauntlet | Found a transporter.
 16534 | Gauntlet | Found a transporter.
 16534 | Gauntlet | Found a transporter.
 16547 | Gauntlet | Found a transporter.
 16563 | Gauntlet | Found a transporter.
 16573 | Gauntlet | Found a transporter.
 16587 | Gauntlet | Found a transporter.
 16607 | Gauntlet | Found a transporter.
 16608 | Gauntlet | Found a runed translucent door.
 16619 | Gauntlet | Found a transporter.
 16730 | Gauntlet | Identified the ring "Pythol" {EV+5 Str+3 Stlth+}
 16867 | Gauntlet | Identified the amulet "Wos Usot" {Spirit SInv}
 16879 | Gauntlet | Noticed a minotaur
 16888 | Gauntlet | Killed a minotaur
 16969 | Gauntlet | Got the Almanac of Composition
 16971 | Gauntlet | Identified the +0 tower shield of the Worm {rElec rN+
                  | Int+2}
 16971 | Gauntlet | Identified the +4 war axe of Woubb {protect, Str+2}
 17112 | Lair:5   | Found a staircase to the Slime Pits.
 17112 | Lair:5   | Found a viscous altar of Jiyva.
 17614 | Lair:5   | Noticed a dire elephant
 17614 | Lair:5   | Noticed a dire elephant
 17715 | Lair:5   | Reached skill level 10 in Spellcasting
 17790 | Lair:5   | Killed a dire elephant
 17791 | Lair:5   | Reached XP level 14. HP: 79/132 MP: 4/28
 18129 | Lair:5   | Noticed Nessos
 18141 | Lair:5   | Killed Nessos
 18302 | Lair:5   | Identified the +8 spear of Enormous Fortitude {speed,
                  | Dex+2}
 18549 | Lair:5   | Identified the ring of Keagiud {rPois rF++ rN+}
 18852 | Lair:5   | Killed cforsyth's ghost
 20036 | D:13     | HP: 6/135 [meliai/divine providence (12)]
 21481 | D:14     | Found a gate to the Vaults.
 21493 | D:14     | Reached skill level 10 in Dodging
 21603 | D:14     | Identified Roxanne's Book of Detritus
 21603 | D:14     | Noticed Roxanne
 21756 | D:14     | Reached skill level 1 in Transmutations
 21867 | D:14     | Killed Roxanne
 21877 | D:14     | Learned a level 6 spell: Statue Form
 21982 | D:15     | Entered Level 15 of the Dungeon
 22039 | D:14     | Reached XP level 15. HP: 67/144 MP: 16/29
 22127 | D:15     | Reached ****** piety under Kikubaaqudgha
 22884 | D:15     | Found a staircase to the Depths.
 23142 | Orc:1    | Entered Level 1 of the Orcish Mines
 23155 | Orc:1    | Reached skill level 5 in Transmutations
 23215 | Orc:1    | Noticed Erolcha
 23227 | Orc:1    | Killed Erolcha
 23228 | Orc:1    | Reached skill level 1 in Unarmed Combat
 23487 | Orc:2    | Entered Level 2 of the Orcish Mines
 23579 | Orc:1    | Paralysed by an orc sorcerer for 5 turns
 23722 | Orc:2    | Found Rirruv's Book Shop.
 23722 | Orc:2    | Found Losuupn's Antique Armour Shop.
 23722 | Orc:2    | Found Puhop's Book Boutique.
 23766 | Orc:1    | Paralysed by an orc sorcerer for 2 turns
 24002 | Orc:1    | Found Jiar's Book Shoppe.
 24124 | Orc:1    | Received a gift from Kikubaaqudgha
 24156 | Orc:2    | Found a staircase to the Elven Halls.
 24574 | Orc:2    | Found Usawa's Magic Scroll Boutique.
 24622 | Orc:2    | Bought a citrine-encrusted troll leather armour for 440
                  | gold pieces
 24622 | Orc:2    | Identified the +1 troll leather armour of the Arcane {rElec
                  | Regen+ Int+4 Dex-2} (You bought it in a shop on level 2 of
                  | the Orcish Mines)
 24667 | Orc:2    | Found Zamaseas's Antique Weapon Shop.
 25062 | Spider:1 | Entered Level 1 of the Spider Nest
 25312 | Spider:1 | Found a frozen archway.
 25331 | IceCv    | Entered an ice cave
 25339 | IceCv    | Found a transporter.
 25421 | IceCv    | Found a transporter.
 25765 | Spider:1 | Gained mutation: When hurt, damage is shared between your
                  | health and your magic reserves. [demonic ancestry]
 25765 | Spider:1 | Reached XP level 16. HP: 151/157 MP: 13/30
 26410 | Spider:1 | Reached skill level 5 in Unarmed Combat
 26958 | Spider:2 | Identified the +4 sling of Uskayaw, Shrinking {flame,
                  | Str+4}
 27457 | Spider:3 | Reached skill level 10 in Transmutations
 28191 | Spider:3 | Learned a level 5 spell: Yara's Violent Unravelling
 28525 | Spider:4 | Entered Level 4 of the Spider Nest
 28892 | Spider:4 | Reached XP level 17. HP: 168/168 MP: 2/31
 29078 | Spider:4 | Reached skill level 15 in Fighting
 29579 | Spider:4 | Got a gossamer rune of Zot
 29740 | Spider:4 | Learned a level 4 spell: Anguish
 29922 | Shoals:1 | Entered Level 1 of the Shoals
 30085 | Shoals:1 | Noticed Frances
 30095 | Shoals:1 | Killed Frances
 30869 | Shoals:1 | Noticed a kraken
 30888 | Shoals:1 | Killed a kraken
 31632 | Shoals:2 | Found a runed translucent door.
 31698 | Shoals:2 | Found a corrupted altar of Lugonu.
 31698 | Shoals:2 | Found a one-way gate to the infinite horrors of the Abyss.
 31927 | Shoals:2 | Identified the ring of Itosk {*Slow rElec rF++ rCorr SInv}
 32264 | Shoals:3 | Reached skill level 10 in Unarmed Combat
 32425 | Shoals:3 | Noticed a kraken
 32797 | Shoals:4 | Entered Level 4 of the Shoals
 32847 | Shoals:4 | Noticed Donald
 32855 | Shoals:4 | Killed Donald
 33136 | Shoals:4 | Got a barnacled rune of Zot
 33250 | Shoals:4 | Reached XP level 18. HP: 68/178 MP: 5/33
 34358 | Elf:1    | Entered Level 1 of the Elven Halls
 34547 | Elf:1    | Paralysed by an air elemental for 1 turns
 34721 | Elf:1    | Noticed Louise
 34738 | Elf:1    | Killed Louise
 35148 | Elf:1    | Got the Reference Book on Amassed Confrontation
 35151 | Elf:1    | Learned a level 1 spell: Apportation
 35410 | Elf:1    | Found Omaloz's Armour Boutique.
 36183 | Elf:2    | Found a runed translucent gate.
 36183 | Elf:2    | Found a runed translucent gate.
 36183 | Elf:2    | Found a runed translucent gate.
 36195 | Elf:2    | Reached skill level 15 in Dodging
 36715 | Elf:3    | Entered Level 3 of the Elven Halls
 36828 | Elf:3    | Noticed an Ice Fiend
 36842 | Elf:3    | Reached skill level 14 in Necromancy
 36991 | Abyss:3  | Cast into level 3 of the Abyss (a deep elf sorcerer)
 37087 | Abyss:3  | Found a corrupted altar of Lugonu.
 37114 | Abyss:3  | Found a corrupted altar of Lugonu.
 37142 | Abyss:3  | Found a corrupted altar of Lugonu.
 37169 | Abyss:3  | Found a corrupted altar of Lugonu.
 37207 | Abyss:3  | Reached skill level 5 in Stealth
 37222 | Abyss:3  | Reached XP level 19. HP: 147/188 MP: 12/35
 37271 | Elf:3    | Escaped the Abyss
 37353 | Elf:3    | Found Fiuhemuap's Magic Scroll Emporium.
 37712 | Elf:3    | Noticed a Brimstone Fiend
 38012 | Elf:3    | Identified the +6 mace of Otolui {heavy, *Rage Str+5}
 38036 | Elf:3    | Identified the +3 executioner's axe of Labou {holy, rF+}
 38105 | Elf:3    | Identified the +6 short sword "Feint" {spect, rCorr Str+3}
 38120 | Elf:3    | Reached skill level 15 in Necromancy
 38121 | Elf:3    | Identified the +8 mace of a bailey {flame, rElec Int+4
                  | Dex-4}
 38130 | Elf:3    | Identified the +9 spear "Tiang" {protect, Drain Fly Int+4}
 38130 | Elf:3    | Identified the ring "Hagyll Duudd" {rC+++ rN+ Int+4 Dex+3}
 38134 | Abyss:3  | Cast into level 3 of the Abyss (a deep elf sorcerer)
 38177 | Abyss:3  | Found a corrupted altar of Lugonu.
 38211 | Abyss:3  | Noticed a profane servitor
 38324 | Abyss:3  | Reached skill level 1 in Shields
 38343 | Abyss:3  | Noticed a bone dragon
 38347 | Abyss:3  | Paralysed by you for 5 turns
 38361 | Abyss:3  | Killed a bone dragon
 38369 | Abyss:3  | Paralysed by you for 3 turns
 38410 | Abyss:3  | Found a corrupted altar of Lugonu.
 38482 | Abyss:3  | Paralysed by accursed screaming for 1 turns
 38492 | Abyss:3  | Got an abyssal rune of Zot
 38523 | Elf:3    | Escaped the Abyss
 38569 | Elf:3    | Reached skill level 5 in Shields
 38571 | Abyss:3  | Cast into level 3 of the Abyss (a deep elf sorcerer)
 38589 | Abyss:3  | Noticed a bone dragon
 38601 | Abyss:3  | Killed a bone dragon
 38640 | Abyss:3  | Noticed an ancient lich
 38651 | Abyss:3  | Killed an ancient lich
 38656 | Elf:3    | Escaped the Abyss
 38724 | Elf:3    | Identified the +8 dagger of Turmoil {heavy, Dex+3}
 38783 | Elf:3    | Identified the +9 mace "Debro" {holy, rN+}
 38785 | Elf:3    | Identified the +6 war axe of Mayhem {flame, rElec Will-
                  | Dex+4}
 38786 | Elf:3    | Identified the +10 spear "Beast's Death Toll" {flame, Dex+4
                  | SInv}
 38977 | Elf:3    | Identified the +1 helmet "Paciegilymm" {rC++}
 39082 | Elf:3    | Upgraded the game from 0.30-a0-585-g93115170b9 to
                  | 0.30-a0-586-g23e55c9e0a
 39286 | Vaults:1 | Entered Level 1 of the Vaults
 39417 | Vaults:1 | Found a flickering gateway to a bazaar.
 39426 | Vaults:1 | Reached XP level 20. HP: 109/201 MP: 13/36
 39426 | Bazaar   | Entered a bazaar
 39502 | Bazaar   | Found Qouleh's Antique Armour Emporium.
 39513 | Bazaar   | Found Kuish's Book Shoppe.
 39514 | Bazaar   | Found Finudiov's General Store.
 39518 | Bazaar   | Bought a scroll of teleportation for 30 gold pieces
 39538 | Bazaar   | Found Teimp's Magic Scroll Shop.
 39546 | Bazaar   | Bought a scroll of fear for 36 gold pieces
 39546 | Bazaar   | Bought 2 scrolls of fear for 72 gold pieces
 39546 | Bazaar   | Bought a scroll of teleportation for 27 gold pieces
 39549 | Bazaar   | Found Jekhlol's Magic Scroll Boutique.
 39557 | Bazaar   | Bought a scroll of teleportation for 45 gold pieces
 39557 | Bazaar   | Bought a scroll of fog for 60 gold pieces
 39557 | Bazaar   | Bought a scroll of teleportation for 45 gold pieces
 39557 | Bazaar   | Bought a scroll of poison for 60 gold pieces
 41744 | Vaults:2 | Reached skill level 10 in Earth Magic
 41812 | Vaults:2 | You fall into a shaft and drop 1 floor!
 41824 | Vaults:3 | Paralysed by a great orb of eyes for 2 turns
 41959 | Vaults:3 | Gained mutation: You regenerate a lot of health from kills.
                  | [demonic ancestry]
 41959 | Vaults:3 | Reached XP level 21. HP: 210/210 MP: 23/37
 42169 | Vaults:3 | Reached skill level 1 in Hexes
 42402 | Vaults:3 | Reached skill level 10 in Shields
 42571 | Vaults:3 | Found Nackaff's Assorted Antiques.
 43292 | Vaults:4 | Noticed Saint Roka
 43304 | Vaults:4 | Killed Saint Roka
 43339 | Vaults:4 | Reached skill level 5 in Hexes
 43734 | Vaults:4 | Noticed Margery
 43748 | Vaults:4 | Killed Margery
 44629 | Vaults:2 | Found a staircase to the Crypt.
 44861 | Crypt:1  | Entered Level 1 of the Crypt
 45447 | Crypt:1  | Identified the ring "Lira" {Ice Str+2 Int+3 Dex+2}
 45447 | Crypt:1  | Noticed Josephina
 45456 | Crypt:1  | Killed Josephina
 45593 | Crypt:1  | Found a runed translucent door.
 45593 | Crypt:1  | Found a shimmering altar of Xom.
 45593 | Crypt:1  | Noticed Luix's ghost (veteran MiGl)
 45893 | Crypt:2  | Found a magical portal.
 45907 | WizLab   | Entered The Chambers of the Cloud Mage
 46035 | WizLab   | Reached XP level 22. HP: 218/218 MP: 38/38
 46045 | WizLab   | Paralysed by an air elemental for 1 turns
 46048 | WizLab   | Paralysed by an air elemental for 1 turns
 46129 | WizLab   | Paralysed by you for 5 turns
 46152 | WizLab   | Paralysed by an air elemental for 1 turns
 46364 | WizLab   | Noticed Eralasa
 46376 | WizLab   | Killed Eralasa the Cloud Mage
 46451 | WizLab   | Paralysed by an air elemental for 1 turns
 46463 | WizLab   | Got Noirun's Directory of Confrontation and Orogeny
 46466 | WizLab   | Identified the +4 falchion of Compassion {drain, Will++
                  | Int+5 Dex-4}
 46478 | WizLab   | Identified the ring of the Devil's Advocate {+Blink rC+
                  | EV+5 Str+3}
 46483 | WizLab   | Got the Meditations on Astrapomancy
 46564 | WizLab   | Learned a level 8 spell: Infestation
 47114 | Crypt:2  | Reached skill level 16 in Necromancy
 47370 | Crypt:3  | Entered Level 3 of the Crypt
 47427 | Crypt:3  | Identified the +0 robe of Duck's Teeth {Will+ Str+3 Dex+4}
 47706 | Crypt:3  | Noticed Zenata
 47712 | Crypt:3  | Reached skill level 15 in Unarmed Combat
 47718 | Crypt:3  | Killed Zenata
 47727 | Crypt:3  | Reached skill level 10 in Hexes
 48823 | Crypt:3  | Found a staircase to the Tomb.
 49010 | Tomb:1   | Entered Level 1 of the Tomb of the Ancients
 49125 | Tomb:1   | Paralysed by a sphinx for 2 turns
 49129 | Tomb:1   | Reached skill level 17 in Necromancy
 49187 | Tomb:1   | Identified the -1 helmet "Sufyt Vera" {Contam +Inv rPois
                  | Dex+3}
 49203 | Tomb:1   | Reached XP level 23. HP: 225/225 MP: 33/39
 49456 | Tomb:1   | Noticed a royal mummy
 49465 | Tomb:1   | Killed a royal mummy
 49698 | Tomb:1   | Noticed a royal mummy
 49714 | Tomb:1   | Killed a royal mummy
 49716 | Tomb:1   | Identified the amulet of Scepticism {Reflect Rampage *Slow
                  | rC+ SH+5}
 50091 | Depths:1 | Entered Level 1 of the Depths
 50290 | Depths:1 | Found a gateway to Hell.
 50429 | Depths:1 | Found a sparkling altar of Nemelex Xobeh.
 50465 | Depths:1 | Found a broken altar of Ashenzari.
 50662 | Depths:1 | Reached skill level 18 in Necromancy
 50833 | Depths:1 | Identified the +1 plate armour "Katonk" {Dex+6}
 50957 | Depths:2 | Found a one-way gate leading to the halls of Pandemonium.
 51426 | Depths:2 | Found an opulent altar of Gozag.
 51437 | Depths:2 | Reached skill level 19 in Necromancy
 51591 | Depths:2 | Identified the +5 chain mail "Yxeol" {Harm Regen+}
 51592 | Depths:2 | Got the Incunable of Unclean Battling
 51694 | Depths:2 | Reached skill level 15 in Shields
 52081 | Depths:3 | You fall into a shaft and drop 1 floor!
 52081 | Depths:4 | Entered Level 4 of the Depths
 52159 | Depths:4 | Found a runed translucent door.
 52159 | Depths:4 | Found a runed translucent door.
 52206 | Depths:4 | Found a runed translucent door.
 52251 | Depths:4 | Reached XP level 24. HP: 234/234 MP: 36/39
 52388 | Depths:4 | Reached skill level 20 in Necromancy
 52545 | Depths:4 | Found a one-way gateway to a ziggurat.
 52577 | Depths:4 | Noticed Sojobo
 52581 | Depths:4 | Paralysed by an air elemental for 1 turns
 52588 | Depths:4 | Noticed a juggernaut
 52600 | Depths:4 | Killed a juggernaut
 52699 | Depths:4 | Killed Sojobo
 52898 | Depths:4 | Learned a level 8 spell: Necromutation
 53478 | Depths:4 | Found a runed translucent door.
 53502 | Depths:4 | Found a runed translucent door.
 53511 | Depths:4 | Found a runed translucent door.
 53680 | Depths:4 | Found a gate to the Realm of Zot.
 54095 | Depths:3 | Gained mutation: You occasionally shout uncontrollably at
                  | your foes. [a shining eye]
 54140 | Depths:3 | Noticed a juggernaut
 54337 | Depths:3 | Noticed Boris
 54352 | Depths:3 | Killed Boris
 54469 | Depths:3 | Paralysed by a sphinx for 4 turns
 54593 | Depths:3 | Paralysed by a floating eye for 2 turns
 54598 | Depths:3 | Paralysed by a floating eye for 4 turns
 54646 | Depths:3 | Noticed a juggernaut
 54655 | Depths:3 | Identified the +3 chain mail "Forget-Me-Not" {-Tele Slay+5}
 54656 | Depths:3 | Killed a juggernaut
 54801 | Depths:3 | Identified the +10 long sword "Ypsiwn" {flame, rC++ Str+2
                  | Int-4}
 54918 | Depths:3 | Got Foad's Precepts of Invitation and Places
 54923 | Depths:3 | Identified the amulet of Foolhardiness {Reflect Int+2 SH+5}
 55378 | Depths:3 | Killed a juggernaut
 55723 | Zig:1    | Entered Level 1 of a ziggurat
 55759 | Zig:1    | Identified the +6 morningstar of Taze {drain, Stlth+}
 55764 | Zig:2    | Entered Level 2 of a ziggurat
 55780 | Zig:2    | Reached XP level 25. HP: 240/247 MP: 29/40
 55804 | Zig:2    | Got the Quarto of Summoning and the Snake
 55809 | Zig:3    | Entered Level 3 of a ziggurat
 55811 | Zig:3    | Found the +9 staff of Wucad Mu {*channel}
 55849 | Zig:4    | Entered Level 4 of a ziggurat
 55924 | Zig:5    | Entered Level 5 of a ziggurat
 56028 | Zig:5    | Identified the +10 whip "Vetzel" {spect, *Corrode rF+++
                  | Int+3 Dex+3}
 56040 | Zig:6    | Entered Level 6 of a ziggurat
 56091 | Zig:6    | Identified the +7 plate armour of the Ego {Str+4 Stlth+}
 56093 | Zig:6    | Got the Compendium of Virulent Illusion
 56096 | Zig:6    | Identified the +0 helmet "Voba" {Fly rElec Int+4}
 56103 | Zig:7    | Entered Level 7 of a ziggurat
 56147 | Zig:7    | Identified the +1 cloak of the World {rElec Int+4}
 56214 | Zig:8    | Entered Level 8 of a ziggurat
 56312 | Zig:8    | Identified the +7 falchion of Summer {protect, rPois rCorr}
 56317 | Zig:8    | Identified the ring "Kouni" {rCorr Str+4 Dex+5}
 56329 | Zig:9    | Entered Level 9 of a ziggurat
 56546 | Zot:1    | Entered Level 1 of the Realm of Zot
 56991 | Zot:1    | Found a runed translucent gate.
 56991 | Zot:1    | Found a runed translucent gate.
 56991 | Zot:1    | Found a runed translucent gate.
 56991 | Zot:1    | Noticed gdog's ghost (master GnDe)
 57046 | Zot:1    | Noticed an orb of fire
 57061 | Zot:1    | Killed an orb of fire
 57098 | Zot:1    | You fall into a shaft and drop 1 floor!
 58456 | Zot:2    | Identified the +1 leather armour "Gulakha" {rF+ rCorr}
 58827 | Zot:2    | Noticed an orb of fire
 58834 | Zot:2    | Gained mutation: You sometimes lose your temper in combat.
                  | [an orb of fire]
 58839 | Zot:2    | Gained mutation: You are vulnerable to heat. (rF-) [an orb
                  | of fire]
 58840 | Zot:2    | Killed an orb of fire
 58883 | Zot:2    | Lost mutation: You are vulnerable to heat. (rF-) [potion of
                  | mutation]
 58883 | Zot:2    | Lost mutation: You occasionally shout uncontrollably at
                  | your foes. [potion of mutation]
 58883 | Zot:2    | Lost mutation: You sometimes lose your temper in combat.
                  | [potion of mutation]
 58883 | Zot:2    | Gained mutation: You are dopey. (Int -2) [potion of
                  | mutation]
 58883 | Zot:2    | Gained mutation: Your natural rate of healing is unusually
                  | fast. [potion of mutation]
 58883 | Zot:2    | Gained mutation: You have a somewhat thin skeletal
                  | structure. (Dex +2, Stealth+) [potion of mutation]
 59240 | Zot:3    | Gained mutation: When low on magic, you restore magic in
                  | place of health. [demonic ancestry]
 59240 | Zot:3    | Reached XP level 26. HP: 261/261 MP: 22/41
 59543 | Zot:3    | Noticed an orb of fire
 60274 | Zot:3    | Identified a scroll of acquirement
 60293 | Zot:4    | Noticed an orb of fire
 60301 | Zot:3    | Gained mutation: You have hidden genetic defects. [an orb
                  | of fire]
 60306 | Zot:3    | Killed an orb of fire
 60311 | Zot:3    | Lost mutation: You are dopey. (Int -2) [potion of mutation]
 60311 | Zot:3    | Lost mutation: You have a somewhat thin skeletal structure.
                  | (Dex +2, Stealth+) [potion of mutation]
 60311 | Zot:3    | Lost mutation: You have hidden genetic defects. [potion of
                  | mutation]
 60311 | Zot:3    | Gained mutation: You expend magic power (3 MP) to
                  | strengthen your wands. [potion of mutation]
 60311 | Zot:3    | Gained mutation: You have a pair of small antennae on your
                  | head. [potion of mutation]
 60311 | Zot:3    | Gained mutation: You are weak. (Str -2) [potion of
                  | mutation]
 60313 | Zot:3    | Lost mutation: You are weak. (Str -2) [potion of mutation]
 60313 | Zot:3    | Lost mutation: You expend magic power (3 MP) to strengthen
                  | your wands. [potion of mutation]
 60313 | Zot:3    | Gained mutation: Your flesh is cold resistant. (rC+)
                  | [potion of mutation]
 60318 | Zot:3    | Acquired the +1 hat of Sophism {rElec rPois Dex+2 Stlth+}
 60357 | Zot:5    | Entered Level 5 of the Realm of Zot
 60826 | Zot:4    | Noticed an orb of fire
 61333 | Zot:5    | Reached skill level 21 in Necromancy
 61341 | Zot:5    | Noticed an orb of fire
 61346 | Zot:5    | Gained mutation: You occasionally lose the ability to drink
                  | potions when taking damage. [an orb of fire]
 61350 | Zot:5    | Killed an orb of fire
 61377 | Zot:5    | Noticed an orb of fire
 61377 | Zot:5    | Noticed an orb of fire
 61403 | Zot:5    | Noticed an orb of fire
 61408 | Zot:5    | Noticed an orb of fire
 61411 | Zot:5    | Noticed an orb of fire
 61417 | Zot:5    | Noticed an orb of fire
 61420 | Zot:5    | Killed an orb of fire
 61421 | Zot:5    | Noticed an orb of fire
 61427 | Zot:5    | Noticed a dread lich
 61429 | Zot:5    | Noticed an orb of fire
 61432 | Zot:5    | Noticed an orb of fire
 61434 | Zot:5    | Gained mutation: Your body sometimes deteriorates upon
                  | taking damage. [an orb of fire]
 61434 | Zot:5    | Gained mutation: Potions are less effective at restoring
                  | your health. [an orb of fire]
 61442 | Zot:5    | Killed a dread lich
 61443 | Zot:5    | Killed an orb of fire
 61448 | Zot:5    | Killed an orb of fire
 61448 | Zot:5    | Lost mutation: Your body sometimes deteriorates upon taking
                  | damage. [an orb of fire]
 61453 | Zot:5    | Gained mutation: Your spells are a little harder to cast,
                  | but a little more powerful. [an orb of fire]
 61520 | Zot:5    | Noticed an orb of fire
 61521 | Zot:5    | Gained mutation: Potions cannot restore your health. [an
                  | orb of fire]
 61531 | Zot:5    | Gained mutation: You occasionally shout uncontrollably at
                  | your foes. [an orb of fire]
 61532 | Zot:5    | Killed an orb of fire
 61737 | Zot:5    | Lost mutation: Your spells are a little harder to cast, but
                  | a little more powerful. [potion of mutation]
 61737 | Zot:5    | Lost mutation: Your natural rate of healing is unusually
                  | fast. [potion of mutation]
 61737 | Zot:5    | Gained mutation: You expend magic power (3 MP) to
                  | strengthen your wands. [potion of mutation]
 61737 | Zot:5    | Gained mutation: Your spells are a little harder to cast,
                  | but a little more powerful. [potion of mutation]
 61738 | Zot:5    | Lost mutation: Your spells are a little harder to cast, but
                  | a little more powerful. [potion of mutation]
 61738 | Zot:5    | Lost mutation: Your flesh is cold resistant. (rC+) [potion
                  | of mutation]
 61738 | Zot:5    | Gained mutation: You have sharp toenails. [potion of
                  | mutation]
 61738 | Zot:5    | Gained mutation: You are agile. (Dex +4, Str/Int -1)
                  | [potion of mutation]
 61743 | Zot:5    | Gained mutation: Your magical capacity is low. (-10% MP)
                  | [an orb of fire]
 61752 | Zot:5    | Lost mutation: You are agile. (Dex +4, Str/Int -1) [an orb
                  | of fire]
 61763 | Zot:5    | Killed an orb of fire
 61908 | Zot:5    | Killed a dread lich
 61911 | Zot:5    | Gained mutation: Your body sometimes deteriorates upon
                  | taking damage. [an orb of fire]
 61915 | Zot:5    | Killed an orb of fire
 61989 | Zot:5    | Noticed a dread lich
 61993 | Zot:5    | Killed a dread lich
 61994 | Zot:5    | Gained mutation: You are extremely robust. (+30% HP)
                  | [demonic ancestry]
 61994 | Zot:5    | Reached XP level 27. HP: 291/291 MP: 35/36
 61995 | Zot:5    | Gained mutation: Your spells are a little harder to cast,
                  | but a little more powerful. [an orb of fire]
 62001 | Zot:5    | Gained mutation: You are vulnerable to heat. (rF-) [an orb
                  | of fire]
 62003 | Zot:5    | Killed an orb of fire
 62009 | Zot:5    | Noticed an orb of fire
 62018 | Zot:5    | Killed an orb of fire
 62022 | Zot:5    | Gained mutation: You have hidden genetic defects. [an orb
                  | of fire]
 62024 | Zot:5    | Killed an orb of fire
 62258 | Zot:5    | Gained mutation: Armour fits poorly on your strangely
                  | shaped body. [an orb of fire]
 62259 | Zot:5    | Killed an orb of fire
 62527 | Zot:5    | Gained mutation: You frequently scream uncontrollably at
                  | your foes. [an orb of fire]
 62531 | Zot:5    | Gained mutation: Your body often deteriorates upon taking
                  | damage. [an orb of fire]
 62537 | Zot:5    | Killed an orb of fire
 62701 | Zot:5    | Noticed a dread lich
 62707 | Zot:5    | Killed a dread lich
 63344 | Zot:5    | Lost mutation: Potions cannot restore your health. [potion
                  | of mutation]
 63344 | Zot:5    | Lost mutation: You have hidden genetic defects. [potion of
                  | mutation]
 63345 | Zot:5    | Lost mutation: Your body often deteriorates upon taking
                  | damage. [potion of mutation]
 63345 | Zot:5    | Lost mutation: You are vulnerable to heat. (rF-) [potion of
                  | mutation]
 63345 | Zot:5    | Lost mutation: You frequently scream uncontrollably at your
                  | foes. [potion of mutation]
 63345 | Zot:5    | Lost mutation: Armour fits poorly on your strangely shaped
                  | body. [potion of mutation]
 63346 | Zot:5    | Lost mutation: You occasionally shout uncontrollably at
                  | your foes. [potion of mutation]
 63346 | Zot:5    | Lost mutation: You have sharp toenails. [potion of
                  | mutation]
 63346 | Zot:5    | Lost mutation: You occasionally lose the ability to drink
                  | potions when taking damage. [potion of mutation]
 63346 | Zot:5    | Gained mutation: Your mind is acute. (Int +4, Str/Dex -1)
                  | [potion of mutation]
 63346 | Zot:5    | Gained mutation: You have large cloven feet. [potion of
                  | mutation]
 63408 | Zot:5    | Got the Orb of Zot
 63424 | Zot:5    | Noticed Gyaqun Megga the pandemonium lord
 63551 | Zot:1    | Noticed Noxtiargh the pandemonium lord
 63570 | Zot:1    | Killed Noxtiargh the pandemonium lord
 63883 | D:8      | Noticed Tikkox Gaeno the pandemonium lord
 63892 | D:8      | Killed Tikkox Gaeno the pandemonium lord
 64035 | D:$      | Escaped with the Orb!

Illustrated notes

Levels and vault maps discovered:
D:1:      dpeg_arrival_water_fire, layout_basic
D:2:      layout_basic, serial_park_tiny_pond, minmay_distorted
D:3:      layout_loops_cross, grunt_ministairs_1, minmay_splitting_lines,
          nicolae_figureground_sparkle, uniq_ijyb, uniq_sigmund
D:4:      layout_loops_ring, makhleb_heckhound_becter, tgw_kikubaaqudgha,
          chequers_temple_overflow_statue_of_worship, serial_shops,
          nicolae_diamond_shop, minmay_cut_off, uniq_natasha
D:5:      layout_gridville, overflow_temple_1_default, kennysheep_generic_room_9
D:6:      layout_cave_pools, amcnicky_altar_gilded,
          minmay_temple_entry_butterflies, serial_undead, serial_undead_d,
          serial_undead_c, serial_undead_c, serial_undead_c, serial_undead_d,
          serial_undead_e, serial_undead_f, serial_undead_c, minivault_5
D:7:      layout_cave_pools, mainiacjoe_overflow_alcove_1, xom_teletrap_fun,
          minmay_misc_feat_iff
D:8:      layout_basic, okawaru_ov_weapons_minmay,
          mainiacjoe_overflow_six_doors_small, enter_bailey_3
D:9:      layout_irregular_city, old_standard_altar,
          mainiacjoe_overflow_24_doors, kennysheep_just_a_vault
D:10:     layout_cave_pods, cheibrodos_worm_habitat, trog_three_pillars_becter,
          uniq_gastronok
D:11:     layout_basic, erik_lair_dragon, minmay_orc_entry_temple_small,
          uniq_snorg, uniq_erica
D:12:     layout_long_grid, chequers_hall_statues_corner_a
D:13:     layout_irregular_city
D:14:     layout_cave_pods, david_vaults_2, uniq_roxanne
D:15:     grunt_enter_depths_snipers, layout_loops_ring
Lair:1:   layout_regular_city, enter_volcano_1, grunt_megastairs_4
Lair:2:   layout_hall_layers, minmay_shoals_entry_hut
Lair:3:   layout_cave_pods, spider_nest_entry_funnel_web
Lair:4:   layout_gridlike, chequers_serial_rivers_marsh
Lair:5:   due_jungle_book, layout_gridlike, minmay_slime_entry_pillars,
          gauntlet_entry_generic, ebering_ghost_inner_flame, uniq_nessos
Shoals:1: layout_shoals, uniq_frances
Shoals:2: layout_shoals, nicolae_shoals_abyss_on_the_beach
Shoals:3: layout_shoals
Shoals:4: shoals_end_simple, layout_shoals, uniq_donald
Spider:1: layout_cave_pods, portal_ice_cave_entry_dragon, drop_trap
Spider:2: layout_spider_delve, nicolae_spider_bug_shape
Spider:3: layout_spider_delve
Spider:4: hellmonk_spider_rune_bug_friends, hellmonk_spider_spawner
Orc:1:    layout_caves, serial_shops, nicolae_shop_waterfront, uniq_erolcha
Orc:2:    st_orc_mages, layout_caves, serial_shops, nicolae_shop_behind_doors,
          basic_altar
Elf:1:    nicolae_elf_arrival_fired_up, layout_gridlike, serial_shops,
          nicolae_square_shop, minmay_elf_sorcery, hangedman_decor_cross_pass,
          uniq_louise
Elf:2:    nicolae_elf_blades_splatter_lattice [mumra_blade_entry_dagger],
          layout_rooms, minmay_misc_feat_rows, nicolae_elf_blasts_and_bolts,
          lemuel_elevator
Elf:3:    nooodl_elf_gasket, layout_onion_city, serial_shops, nicolae_shop_stone
Vaults:1: nicolae_vaults_what_the_h, nicolae_vaults_little_ls,
          hangedman_vaults_capsules, v_pattern_4, ontoclasm_vaults_ring_large,
          v_misc_8, hangedman_vaults_corner, nicolae_vaults_little_squares_5,
          nicolae_vaults_triangles, vaults_dpeg_hooks, vaults_mumra_hex,
          nicolae_vaults_specimen_jars, nicolae_vaults_asterisk,
          vaults_dpeg_diagonal, layout_vaults_omnicross, serial_shops,
          bzr_entry_customers
Vaults:2: v_pattern_1, vaults_mumra_chevron_long, vaults_room_pool,
          nicolae_vaults_shelves_hall, blue_anna_dwarven_crypt,
          nicolae_vaults_lopsided_apartments, grunt_vaults_twisty,
          hangedman_vaults_snaps, nicolae_vaults_bisected_slash, v_misc_10,
          v_misc_22, ontoclasm_vaults_ring_square, layout_vaults_ring
Vaults:3: ontoclasm_vaults_shout, v_misc_2, v_alt_pattern_4,
          vaults_dpeg_encased_lava, v_misc_18, v_alt_pattern_6,
          vaults_mumra_minichess, hangedman_vaults_restitches,
          nicolae_vaults_mini_display_case, layout_vaults_big_room,
          serial_shops, shop
Vaults:4: vaults_mumra_hexcomb, vaults_room_fancy_cross, hangedman_vaults_nails,
          nicolae_vaults_arrows, vaults_room_door_ring, v_alt_pattern_6,
          dpeg_vaults_monster_box, layout_vaults_omnigrid, uniq_margery,
          uniq_saint_roka
Crypt:1:  layout_chaotic_city, ebering_ghost_xom, uniq_josephina
Crypt:2:  layout_gridlike, mu_enter_wizlab_1
Crypt:3:  due_elkab, layout_chaotic_city, uniq_zenata
Tomb:1
Depths:1: layout_gridlike, grunt_hell_entry_dis_mu, evilmike_ruin_ashenzari,
          minmay_crystal_water, nemelex_xobeh_ov_fountains_minmay
Depths:2: minmay_the_grid_four_pointed_star_mashed
          [minmay_the_grid_triangle_9x9_empty,
          minmay_the_grid_triangle_9x9_checkered,
          minmay_the_grid_triangle_9x9_pentomino_pain,
          minmay_the_grid_triangle_9x9_warning,
          minmay_the_grid_prize_shrinking_boxes], layout_basic,
          nicolae_gozag_seed_capital, pan_entry, hell_entry
Depths:3: box_level_dp, abyss_entry, hell_entry, uniq_boris
Depths:4: evilmike_zot_entry_castle, layout_gridville, enter_ziggurat_b,
          grunt_pan_entry_sceptre, hangedman_coc_ice_floe,
          hangedman_decor_diamond_cutter, hex_tiny, onia_ninara_cookie,
          uniq_sojobo
Zot:1:    grunt_zot_stairs_mandelzot, layout_twisted_circle,
          ebering_ghost_rock_garden, grunt_megastairs_3
Zot:2:    layout_concentric_octagons
Zot:3:    gammafunk_mikee_crab_dinner, layout_cathedral_of_symmetry,
          lemuel_lake_of_fire
Zot:4:    layout_misc_corridors
Zot:5:    layout_misc_corridors

Skill      XL: |  1  2  3  4  5  6  7  8  9 10 11 12 13 14 15 16 17 18 19 20 21 22 23 24 25 26 27 |
---------------+----------------------------------------------------------------------------------+-----
Stealth        | 2 3 4 5 8 |  8.4
Short Blades   | 3 4 5 |  5.0
Fighting       | 4 5 6 7 9 10 12 13 14 15 17 18 20 | 20.0
Necromancy     | 3 6 9 11 12 13 14 15 17 19 20 21 | 21.5
Earth Magic    | 2 4 5 7 10 | 10.6
Spellcasting   | 1 3 5 6 8 10 11 12 13 14 | 14.0
Ice Magic      | 5 7 |  7.3
Armour         | 4 7 |  7.8
Dodging        | 3 7 10 12 13 15 18 19 | 19.4
Transmutations | 2 8 12 14 | 14.2
Unarmed Combat | 4 7 10 11 13 14 15 16 18 19 20 | 20.2
Shields        | 6 9 11 13 15 16 | 16.0
Hexes          | 7 10 | 10.0

Action                   |  1- 3 |  4- 6 |  7- 9 | 10-12 | 13-15 | 16-18 | 19-21 | 22-24 | 25-27 || total
-------------------------+-------+-------+-------+-------+-------+-------+-------+-------+-------++-------
Melee: Short sword       |   216 |   112 |       |       |       |       |       |       |       ||   328
       Punch             |     3 |     1 |    12 |     3 |    25 |    97 |    26 |       |       ||   167
       Dagger            |       |    70 |   593 |   307 |   264 |       |       |       |       ||  1234
       War axe           |       |       |       |       |    76 |       |       |       |       ||    76
       Unarmed           |       |       |       |       |   418 |  1164 |  1219 |  1538 |   990 ||  5329
       Kick              |       |       |       |       |       |       |       |       |    74 ||    74
Throw: Dart              |       |       |     2 |     2 |       |       |       |       |       ||     4
 Cast: Vampiric Draining |       |       |    20 |       |       |       |       |       |       ||    20
       Borgnjor's Vile C |       |       |       |    74 |   154 |   102 |    42 |    25 |    33 ||   430
       Dispel Undead     |       |       |       |    18 |    41 |       |    51 |    53 |    22 ||   185
       Death Channel     |       |       |       |    23 |    43 |    42 |    28 |     8 |    18 ||   162
       Simulacrum        |       |       |       |    15 |    51 |    21 |     3 |       |       ||    90
       Statue Form       |       |       |       |       |    22 |    84 |    61 |    71 |    34 ||   272
       Anguish           |       |       |       |       |       |    18 |    22 |    11 |    10 ||    61
       Yara's Violent Un |       |       |       |       |       |     1 |       |     1 |       ||     2
       Infestation       |       |       |       |       |       |       |       |    43 |    30 ||    73
       Necromutation     |       |       |       |       |       |       |       |    12 |    24 ||    36
Invok: Unearth Wretches  |       |       |       |     4 |    10 |     9 |     4 |       |     3 ||    30
       Receive Forbidden |       |       |       |       |     1 |       |       |       |       ||     1
       Torment           |       |       |       |       |       |       |     1 |       |       ||     1
 Abil: End Transformatio |       |       |       |       |     1 |     2 |     3 |     4 |     8 ||    18
Evoke: Wand              |       |       |     1 |     3 |     5 |    10 |     4 |       |     1 ||    24
       Condenser vane    |       |       |       |       |       |       |       |       |     1 ||     1
  Use: Scroll            |       |    10 |     7 |    16 |    16 |    13 |    12 |     7 |    11 ||    92
       Potion            |       |     4 |     1 |     5 |     4 |     6 |    11 |     2 |    28 ||    61
 Stab: Sleeping          |     2 |     4 |     5 |     3 |     3 |     4 |    11 |    10 |     5 ||    47
       Distracted        |       |       |       |     5 |     9 |     7 |    15 |     8 |    12 ||    56
       Paralysed         |       |       |       |     1 |     3 |     3 |     1 |     2 |     3 ||    13
       Invisible         |       |       |       |       |     4 |       |       |       |       ||     4
Armor: Robe              |    16 |       |       |       |       |       |       |       |       ||    16
       Ring mail         |    85 |    50 |   182 |       |       |       |       |       |       ||   317
       Acid dragon scale |       |       |    41 |    37 |       |       |       |       |       ||    78
       Troll leather arm |       |       |       |    66 |   192 |    61 |    64 |   117 |   154 ||   654
       Leather armour    |       |       |       |     2 |       |       |       |       |       ||     2
       Skin              |       |       |       |       |   329 |   876 |   778 |   742 |   242 ||  2967
Dodge: Dodged            |   162 |    87 |   297 |   220 |  1726 |  2669 |  2183 |  2391 |  1013 || 10748
Block: Kite shield       |       |       |       |       |       |       |   867 |  1566 |  1110 ||  3543
       Reflection        |       |       |       |       |       |       |    31 |    13 |    25 ||    69
       Buckler           |       |       |       |       |       |       |     2 |       |       ||     2

Table legend: (Time is in decaauts)
 A = Elapsed time spent in this place.
 B = Non-inter-level travel time spent in this place.
 C = Inter-level travel time spent in this place.
 D = Time resting spent in this place.
 E = Time spent auto-exploring this place.
 F = Levels seen in this place.
 G = Mean time per level.
                   A        B        C        D        E       F      G
               +--------+--------+--------+--------+--------+-----+--------+
         Total |  70132 |  65860 |   4272 |   1113 |  46702 |  68 | 1031.4 |
       Dungeon |  15908 |  14309 |   1599 |    423 |  10826 |  15 | 1060.5 |
          Lair |   6294 |   5886 |    408 |     23 |   4794 |   5 | 1258.8 |
        Shoals |   5342 |   5138 |    204 |    122 |   3632 |   4 | 1335.5 |
   Spider Nest |   5550 |   5324 |    226 |     33 |   3622 |   4 | 1387.5 |
  Orcish Mines |   2041 |   1870 |    171 |    139 |   1071 |   2 | 1020.5 |
   Elven Halls |   4663 |   4379 |    284 |      0 |   3211 |   3 | 1554.3 |
        Vaults |   6368 |   6096 |    272 |      0 |   4474 |   4 | 1592.0 |
         Crypt |   4158 |   3969 |    189 |      0 |   2596 |   3 | 1386.0 |
          Tomb |   1137 |   1091 |     46 |      0 |    695 |   1 | 1137.0 |
        Depths |   6682 |   6243 |    439 |     49 |   4451 |   4 | 1670.5 |
           Zot |   7517 |   7088 |    429 |    160 |   5147 |   5 | 1503.4 |
         Abyss |    956 |    956 |      0 |      0 |    236 |   3 |  318.7 |
      Ziggurat |    623 |    623 |      0 |     19 |    300 |   9 |   69.2 |
        Bazaar |    150 |    150 |      0 |      0 |    114 |   1 |  150.0 |
        Bailey |    912 |    912 |      0 |    100 |    487 |   1 |  912.0 |
      Ice Cave |    120 |    120 |      0 |      0 |     72 |   1 |  120.0 |
       Volcano |    393 |    393 |      0 |     43 |    163 |   1 |  393.0 |
        Wizlab |    764 |    764 |      0 |      0 |    450 |   1 |  764.0 |
      Gauntlet |    546 |    546 |      0 |      0 |    354 |   1 |  546.0 |
               +--------+--------+--------+--------+--------+-----+--------+

Top non-repeatable levels by time:
   Zot:5: 2659 daAuts
Depths:3: 2359 daAuts
Depths:4: 2220 daAuts
 Crypt:3: 2061 daAuts
  Lair:5: 2010 daAuts
Vaults:2: 1934 daAuts
   Elf:3: 1869 daAuts
    D:11: 1866 daAuts
Spider:1: 1609 daAuts
Shoals:1: 1560 daAuts
Vaults:1: 1554 daAuts
   Elf:1: 1551 daAuts
   Zot:1: 1547 daAuts
Vaults:3: 1536 daAuts
Spider:4: 1526 daAuts
